 Dungeon Crawl Stone Soup version 0.28-a0-1199-gef9e1dbd39 (webtiles) character file.

Game seed: 2228579597517283815

35915 fragbeetle the Transmogrifier (level 13, 0/154 HPs)
             Began as a Merfolk Transmuter on Dec 19, 2021.
             Was an Initiate of Gozag.
             Killed from afar by a spriggan druid (24 damage)
             ... with a stone arrow
             ... on level 1 of the Swamp.
             The game lasted 01:32:20 (23865 turns).

fragbeetle the Transmogrifier (Merfolk Transmuter) Turns: 23865, Time: 01:32:21

Health: 0/154      AC: 26    Str: 20    XL:     13   Next: 86%
Magic:  23/23      EV:  2    Int: 12    God:    Gozag
Gold:   22         SH:  0    Dex: 16    Spells: 1/26 levels left

rFire   + . .      SeeInvis .     - Unarmed
rCold   + . .      Faith    .   (no shield)
rNeg    . . .      Spirit   .   (armour currently unavailable)
rPois   +          Reflect  .   (helmet currently unavailable)
rElec   +          Harm     .   (cloak currently unavailable)
rCorr   +          Rampage  .   (gloves currently unavailable)
Will    .....      NoTele   +   (boots currently unavailable)
Stlth   +++.......              e - amulet of magic regeneration
HPRegen 0.35/turn               n - +6 ring of strength
MPRegen 0.58/turn               B - ring of poison resistance

@: mighty, brilliant, tree-form, resistant, gold aura
A: stationary, stasis, torment immunity, boosted hp, (nimble swimmer 2),
(mertail), (claws 1), screaming 1
a: End Transformation, Renounce Religion, Potion Petition, Call Merchant, Bribe
Branch


You were on level 1 of the Swamp.
You worshipped Gozag.
Gozag was noncommittal.
You were a tree.
You visited 4 branches of the dungeon, and saw 17 of its levels.
You also visited: Volcano.

You collected 3101 gold pieces.
You spent 1022 gold pieces at shops.
You paid 2057 gold pieces to Gozag.

Inventory:

Missiles
 h - 565 stones
 o - 4 silver boomerangs
 L - 27 poisoned darts
 P - 3 boomerangs of dispersal
Armour
 d - a +0 pair of boots (melded)
 k - +0 steam dragon scales
 x - a +2 pair of gloves (melded)
 C - a +1 ring mail of positive energy
 F - a scarf of repulsion (melded)
 R - a +2 leather armour of willpower
 T - a +2 hat of stealth (melded)
 W - a +3 leather armour of fire resistance (melded)
Jewellery
 c - a ring of positive energy
 e - an amulet of magic regeneration (around neck)
 i - a ring of see invisible
 n - a +6 ring of strength (left branch)
 v - a +6 ring of intelligence
 B - a ring of poison resistance (right branch)
 E - an amulet of guardian spirit
 S - a ring of protection from fire
 V - a ring of protection from fire
Wands
 a - a wand of paralysis (13)
 s - a wand of charming (2)
 O - a wand of digging (7)
 U - a wand of polymorph (5)
Scrolls
 b - 3 scrolls of fog
 g - a scroll of holy word {unknown}
 j - 2 scrolls of summoning {unknown}
 m - 2 scrolls of blinking
 q - a scroll of enchant weapon {unknown}
 r - 9 scrolls of teleportation
 t - 3 scrolls of immolation
 y - 2 scrolls of vulnerability
 z - a scroll of acquirement {unknown}
 D - 4 scrolls of enchant armour
 H - 2 scrolls of magic mapping
 I - a scroll of noise {unknown}
 K - 2 scrolls of fear
Potions
 f - 4 potions of brilliance
 l - 4 potions of curing
 p - 2 potions of invisibility
 u - 2 potions of haste
 w - a potion of lignification {unknown}
 A - 2 potions of ambrosia
 G - 3 potions of magic
 N - a potion of berserk rage
 Q - 2 potions of flight
Miscellaneous
 J - a tin of tremorstones (2/2)
 M - a phantom mirror


   Skills:
 + Level 9.8 Fighting
 - Level 4.3 Armour
 + Level 10.4 Dodging
 + Level 6.4 Stealth
 + Level 11.3 Unarmed Combat
 + Level 7.1 Spellcasting
 + Level 13.1 Transmutations
 - Level 7.1 Ice Magic
 + Level 9.0 Poison Magic


You had one spell level left.
You knew the following spells:

 Your Spells              Type           Power      Damage    Failure   Level
a - Dragon Form           Tmut           26%        N/A       54%         7
b - Spider Form           Tmut/Pois      46%        N/A       1%          3
c - Ice Form              Ice/Tmut       42%        N/A       2%          4
d - Wereblood             Tmut           52%        N/A       1%          2
f - Blade Hands           Tmut           26%        N/A       1%          5
g - Olgreb's Toxic Radia  Pois           39%        N/A       3%          4

Your spell library contained the following spells:

 Spells                   Type           Power      Damage    Failure   Level
 Beastly Appendage        Tmut           100%       N/A       1%          1
 Sting                    Tmut/Pois      100%       1d8       1%          1
 Magic Dart               Conj           24%        1d4       16%         1
 Shock                    Conj/Air       24%        1d4       16%         1
 Slow                     Hex            24%        N/A       16%         1
 Poisonous Vapours        Pois/Air       44%        N/A       3%          2
 Alistair's Intoxication  Tmut/Pois      30%        N/A       4%          5
 Petrify                  Tmut/Erth      30%        N/A       11%         4
 Call Imp                 Summ           6%         N/A       24%         2
 Scorch                   Fire           12%        2d5       24%         2
 Searing Ray              Conj           12%        2d4       24%         2
 Sublimation of Blood     Necr           6%         N/A       24%         2
 Irradiate                Conj/Tmut      15%        3d19      30%         5
 Yara's Violent Unravell  Hex/Tmut       15%        3d8       30%         5
 Confusing Touch          Hex            6%         N/A       43%         3
 Swiftness                Air            6%         N/A       43%         3
 Airstrike                Air            3%         N/A       85%         4
 Cause Fear               Hex            3%         N/A       85%         4
 Flame Wave               Conj/Fire      6%         2d4       85%         4
 Fulminant Prism          Conj/Hex       3%         3d6       85%         4
 Summon Lightning Spire   Summ/Air       6%         N/A       85%         4
 Lightning Bolt           Conj/Air       3%         1d14      99%         5
 Summon Cactus Giant      Summ           3%         N/A       100%        6
 Summon Horrible Things   Summ           3%         N/A       100%        8
 Dragon's Call            Summ           3%         N/A       100%        9


Dungeon Overview and Level Annotations

Branches:
Dungeon (10/15)            Temple (1/1) D:5            Lair (5/6) D:10
  Swamp (1/4) Lair:3       Spider (0/4) Lair:3          Orc (0/2) D:9
Volcano (visited)
  Slime: Lair:5-6

Altars:
Ashenzari
Cheibriados
Fedhas
Gozag
Kikubaaqudgha
Makhleb
Qazlal
Ru
Sif Muna
Wu Jian
Yredelemnul
Zin
The Shining One

Shops:
D:5 :   D:9 :   D:10 [

Annotations:
D:3 dig


Innate Abilities, Weirdness & Mutations

You are a tree.
Your roots penetrate the ground, keeping you stationary.
You cannot be teleported.
You are immune to unholy pain and torment.
Your maximum health is greatly increased.
Your equipment is partially melded.
((You are quick and stealthy near water. (Stealth+, EV+, Speed+++)))
((Your lower body shifts to a powerful aquatic tail in water.))
((You have sharp fingernails.))
You occasionally shout uncontrollably at your foes.


Message History

[a] - 609 gold - might, brilliance, lignification and resistance [b] - 378 gold - haste and brilliance [c] - 702 gold - heal wounds, berserk rage, lignification, might and resistance Purchase which effect?
You no longer have enough gold to petition Gozag for potion effects.
You feel very mighty all of a sudden.
You feel clever all of a sudden.
Your claws revert to their normal proportions.
Your +2 pair of gloves unmelds from your body.
You turn into a tree.
Your scarf of repulsion melds into your body.
Your +2 hat of stealth melds into your body.
Your +2 pair of gloves melds into your body.
Your +0 pair of boots melds into your body.
Your +3 leather armour of fire resistance melds into your body.
The haze of the repulsion field disappears.
You feel less stealthy.
You feel less resistant to fire.
Your roots penetrate the ground.
You feel protected.
The spriggan rider hits you but does no damage.
You barely miss the spriggan rider.
The spriggan rider is severely wounded.
The spriggan rider hits you with a +0 spear.
* * * LOW HITPOINT WARNING * * *
You feel better.
The spriggan rider hits you with a +0 spear!
* * * LOW HITPOINT WARNING * * *
The spriggan druid calls out to the beasts of the wild!
You smack the spriggan rider!
The spriggan rider is almost dead.
The spriggan rider hits you but does no damage.
The spriggan druid calls out to the beasts of the wild!
You smack the spriggan rider!
You kill the hornet!
The spriggan falls from its now dead mount.
The spriggan is almost dead.
A bunyip comes into view.
The spriggan druid points at you and mumbles some strange words.
The stone arrow hits you!!
You die...
Your body crumbles into a pile of gold.

.≈≈....≈.≈i.
.≈≈≈≈≈..... ♣♣♣.
♣.≈≈≈...≈♣♣≈.≈.
♣.≈.....≈≈.....
♣≈....§≈≈≈...≈!
♣..≈≈.≈≈≈...x.
♣≈.≈.$≈....≈♣ ≈
♣♣♣♣♣♣i....≈♣.. ♣♣♣♣♣
♣♣i≈≈≈≈...♣
♣♣≈.>♣♣♣♣♣.≈≈§≈≈♣..♣
♣♣♣♣♣.§≈≈.♣♣....≈≈..≈♣
♣♣≈♣♣..≈≈≈≈.≈≈≈.≈≈≈≈.♣♣
♣..≈.≈..≈≈≈≈≈§≈≈≈..≈§≈♣
♣≈≈≈≈≈≈≈.≈≈≈≈≈≈≈.≈≈≈≈≈♣
♣.≈≈≈§≈≈≈§≈≈..≈≈...≈≈≈♣
♣≈.§≈≈≈≈≈≈≈≈.....♣♣...♣
♣♣≈.≈§≈≈≈..≈.≈.≈≈.♣♣♣♣♣


You could see a bunyip (wandering), a spriggan druid and a spriggan.

Vanquished Creatures
  Gastronok (D:8)
  8 hydras
  3 centaur warriors
  2 two-headed ogres
  Urug (Lair:5)
  A hell knight (Volcano)
  A lindwurm (Lair:4)
  A will-o-the-wisp (Swamp:1)
  5 elephants
  A black mamba (Lair:5)
  Joseph (D:8)
  12 cane toads
  2 rime drakes
  Maggie (D:10)
  4 komodo dragons
  A yaktaur (Volcano)
  A troll (D:10)
  5 jumping spiders (Lair:3)
  A hornet (Swamp:1)
  8 blink frogs
  6 dream sheep (Lair:4)
  7 redbacks
  2 shadows (D:9)
  24 yaks
  A wyvern (D:10)
  4 basilisks
  An acid dragon (D:9)
  6 swamp worms
  13 water moccasins
  3 black bears
  4 orc warriors
  2 necrophages
  4 ogres
  4 wolves (Lair:1)
  8 centaurs
  Blork the orc (D:6)
  4 kobold brigands
  13 bullfrogs
  A wyvern zombie (D:8)
  2 scorpions
  A water moccasin skeleton (D:6)
  10 killer bees
  4 wights (D:4)
  8 jellies
  5 howler monkeys
  5 hounds
  A centaur zombie (D:5)
  3 bullfrog skeletons
  A gnoll shaman (D:6)
  5 orc priests
  A centaur skeleton (D:4)
  Ijyb (D:4)
  Terence (D:2)
  Natasha (thrice) (D:2)
  10 orc wizards
  6 iguanas
  4 gnolls (D:4)
  2 shadow imps
  3 white imps
  An ufetubus (D:6)
  An adder zombie (D:5)
  4 worms
  3 dart slugs
  27 orcs
  3 bats
  6 endoplasms
  3 giant cockroaches
  9 goblins
  5 hobgoblins
  16 jackals
  3 quokkas
  3 ball pythons
  4 frilled lizards
  19 kobolds
  5 rats
356 creatures vanquished.

Vanquished Creatures (others)
  22 fungi
  31 plants
53 creatures vanquished.

Grand Total: 409 creatures vanquished

Notes
Turn   | Place    | Note
-------+----------+-------------------------------------------
     0 | D:1      | fragbeetle the Merfolk Transmuter began the quest for the
                  | Orb.
     0 | D:1      | Reached XP level 1. HP: 15/15 MP: 3/3
   223 | D:1      | Reached XP level 2. HP: 21/21 MP: 3/5
   227 | D:1      | Reached skill level 3 in Transmutations
   622 | D:1      | Reached XP level 3. HP: 6/27 MP: 6/6
   645 | D:1      | HP: 1/27 [jackal (2)]
  1396 | D:1      | Learned a level 3 spell: Spider Form
  1689 | D:2      | Found a faded altar of an unknown god.
  1772 | D:2      | Noticed Terence
  1808 | D:2      | Killed Terence
  1809 | D:2      | Reached skill level 1 in Poison Magic
  1809 | D:2      | Reached XP level 4. HP: 15/34 MP: 7/7
  2040 | D:2      | Noticed Natasha
  2087 | D:2      | Killed Natasha
  2232 | D:2      | Noticed Natasha
  2247 | D:2      | Killed Natasha
  2248 | D:2      | Reached skill level 4 in Transmutations
  2248 | D:2      | Reached XP level 5. HP: 13/39 MP: 8/8
  2681 | D:2      | Noticed Natasha
  2695 | D:2      | Killed Natasha
  2701 | D:2      | Learned a level 4 spell: Ice Form
  2744 | D:2      | Noticed a necrophage
  2889 | D:2      | Killed a necrophage
  2890 | D:2      | Reached skill level 1 in Ice Magic
  2890 | D:2      | Reached XP level 6. HP: 34/47 MP: 9/9
  3418 | D:3      | Found a stormy altar of Qazlal.
  3493 | D:3      | Found a glowing golden altar of the Shining One.
  3679 | D:3      | Found a sacrificial altar of Ru.
  3681 | D:3      | Found a snail-covered altar of Cheibriados.
  3915 | D:4      | Found a blossoming altar of Fedhas.
  3918 | D:4      | Noticed Ijyb
  3949 | D:4      | Gained mutation: You have sharp fingernails. [potion of
                  | mutation]
  3949 | D:4      | Gained mutation: You occasionally shout uncontrollably at
                  | your foes. [potion of mutation]
  3964 | D:4      | Killed Ijyb
  4432 | D:4      | Reached skill level 5 in Transmutations
  4643 | D:4      | Reached XP level 7. HP: 46/53 MP: 10/10
  4647 | D:4      | Learned a level 2 spell: Wereblood
  4735 | D:4      | Reached skill level 5 in Unarmed Combat
  5453 | D:5      | Entered Level 5 of the Dungeon
  5603 | D:5      | Reached skill level 6 in Transmutations
  5603 | D:5      | Reached XP level 8. HP: 47/61 MP: 9/11
  5805 | D:5      | Found a staircase to the Ecumenical Temple.
  5836 | Temple   | Entered the Ecumenical Temple
  5855 | Temple   | Became a worshipper of Gozag Ym Sagoz the Greedy
  5934 | D:5      | Found a sacrificial altar of Ru.
  5984 | D:5      | Found Eridoez's Book Emporium.
  6575 | D:6      | Learned a level 1 spell: Sting
  6726 | D:6      | Reached skill level 5 in Fighting
  7020 | D:6      | Reached skill level 7 in Transmutations
  7088 | D:6      | Reached skill level 5 in Poison Magic
  7088 | D:6      | Reached XP level 9. HP: 60/68 MP: 12/12
  7206 | D:6      | Noticed Blork the orc
  7229 | D:6      | Reached skill level 1 in Armour
  7231 | D:6      | Killed Blork the orc
  7915 | D:7      | Reached skill level 5 in Ice Magic
  8203 | D:7      | Found a shimmering blue altar of Sif Muna.
  8404 | D:7      | Reached skill level 8 in Transmutations
  8980 | D:8      | Noticed a centaur warrior
  9185 | D:8      | Reached XP level 10. HP: 51/74 MP: 13/13
  9414 | D:8      | Found a glowing silver altar of Zin.
  9509 | D:9      | Noticed a two-headed ogre
  9517 | D:9      | Killed a two-headed ogre
  9518 | D:9      | Reached skill level 9 in Transmutations
  9662 | D:8      | Noticed Gastronok
 10192 | D:5      | Bought Wafu's Papyrus of Mutagenic Intoxication for 390
                  | gold pieces
 10789 | D:9      | Found a staircase to the Orcish Mines.
 10936 | D:9      | Reached XP level 11. HP: 81/81 MP: 15/15
 11175 | D:10     | Entered Level 10 of the Dungeon
 11184 | D:10     | Reached skill level 5 in Dodging
 11328 | D:10     | Reached skill level 10 in Transmutations
 11363 | D:10     | Learned a level 5 spell: Blade Hands
 11395 | D:10     | Noticed Maggie
 11404 | D:10     | Killed Maggie
 11411 | D:10     | Noticed a two-headed ogre
 11423 | D:10     | Noticed a centaur warrior
 11939 | D:10     | Found Nimnutza's Antique Armour Emporium.
 11945 | D:10     | Bought a runed leather armour for 80 gold pieces
 12058 | D:10     | Found a staircase to the Lair.
 12071 | D:10     | Killed a two-headed ogre
 12146 | Lair:1   | Entered Level 1 of the Lair of Beasts
 13107 | Lair:1   | Noticed a five-headed hydra
 13738 | Lair:2   | Identified the +6 quarterstaff of Generosity {flame, Fly
                  | Stlth+}
 13743 | Lair:2   | Noticed an eight-headed hydra
 14376 | Lair:2   | Noticed a six-headed hydra
 14390 | Lair:2   | Killed a six-headed hydra
 14391 | Lair:2   | Reached skill level 11 in Transmutations
 15635 | Lair:2   | Reached skill level 5 in Spellcasting
 15635 | Lair:2   | Reached XP level 12. HP: 92/92 MP: 19/19
 15645 | Lair:2   | Learned a level 4 spell: Olgreb's Toxic Radiance
 15661 | Lair:2   | Got Qotus's Tome of Creative Venom
 15816 | Lair:2   | Killed an eight-headed hydra
 15817 | Lair:2   | Reached skill level 1 in Stealth
 16055 | Lair:3   | Noticed a six-headed hydra
 16074 | Lair:3   | Killed a six-headed hydra
 16242 | Lair:3   | Noticed an eight-headed hydra
 16337 | Lair:2   | Upgraded the game from 0.28-a0-1190-g77e1c55843 to
                  | 0.28-a0-1199-gef9e1dbd39
 16368 | Lair:3   | Noticed a four-headed hydra
 16384 | Lair:3   | Reached skill level 10 in Unarmed Combat
 16646 | Lair:3   | Found a hole to the Spider Nest.
 16952 | Lair:3   | Noticed a seven-headed hydra
 17251 | Lair:3   | Killed a four-headed hydra
 17390 | Lair:3   | Killed an eight-headed hydra
 17848 | Lair:3   | Reached skill level 12 in Transmutations
 18266 | Lair:3   | Noticed an eight-headed hydra
 18403 | Lair:4   | Found a dark tunnel.
 18409 | Volcano  | Entered a volcano
 18425 | Volcano  | Noticed a centaur warrior
 18433 | Volcano  | Found a bloodstained altar of Trog.
 18438 | Volcano  | Noticed a hell knight
 18448 | Volcano  | Killed a hell knight
 18449 | Volcano  | Reached XP level 13. HP: 61/100 MP: 22/22
 18858 | Lair:4   | Reached skill level 5 in Stealth
 19335 | Lair:4   | HP: 4/101 [komodo dragon (12)]
 19336 | Lair:4   | HP: 1/101 [komodo dragon (21)]
 20087 | Lair:5   | Noticed Urug
 20103 | Lair:5   | Killed Urug
 21188 | D:10     | Reached skill level 10 in Dodging
 21787 | D:8      | Noticed Joseph
 21795 | D:8      | Killed Joseph
 22175 | D:8      | Found a glowing silver altar of Zin.
 22286 | D:8      | Killed Gastronok
 22287 | D:8      | Reached skill level 13 in Transmutations
 22509 | D:9      | Bought a book of the Dragon for 552 gold pieces
 22520 | D:9      | Learned a level 7 spell: Dragon Form
 22775 | Lair:3   | Found a staircase to the Swamp.
 23757 | Swamp:1  | Entered Level 1 of the Swamp
 23865 | Swamp:1  | Noticed a bunyip
 23865 | Swamp:1  | Killed from afar by a spriggan druid

Illustrated notes

Levels and vault maps discovered:
D:1:      nzn_arrival_depleted_hourglass, layout_basic, grunt_decor_fettered
D:2:      layout_basic, ebering_ecumenical_altar_sacrificial, uniq_natasha,
          uniq_terence
D:3:      layout_rooms, nicolae_overflow_hidden_temple
D:4:      layout_basic, fedhas_altar_2, kennysheep_generic_room_7, uniq_ijyb
D:5:      layout_loops_ring, minmay_temple_entry_mini_moons, serial_shops,
          nicolae_shop_waterfront, kennysheep_flooded_box, serial_park_tiny_pond
D:6:      minmay_inner_zag, layout_basic, uniq_blork_the_orc
D:7:      layout_loops_ring, lemuel_crystal_altar, serial_bayou_pond_e,
          worms_lemuel
D:8:      layout_gridville, lemuel_crystal_altar, small_statue_intersection,
          uniq_joseph, uniq_gastronok
D:9:      layout_gridville, david_orc_2
D:10:     layout_rooms, dpeg_oklobed_lair, serial_shops, nicolae_shop_crystal,
          uniq_maggie
Temple:   regret_index_temple_waves
Lair:1:   layout_cave_pods, serial_bayou_shore_a
Lair:2:   layout_hall_layers
Lair:3:   layout_cave_pods, palyth_hydra_swamp_entry,
          nicolae_spider_entry_tight_spaces, serial_bayou_shore_b,
          lemuel_fruit_tree
Lair:4:   layout_misc_corridors, nicolae_volcano_entry_vermiform
Lair:5:   layout_small_grid, uniq_urug
Swamp:1:  layout_basic_swamp, gammafunk_ghost_split,
          evilmike_swamp_ruin_house_4, swamp_pool5, uniq_donald

Skill      XL: |  1  2  3  4  5  6  7  8  9 10 11 12 13 |
---------------+----------------------------------------+-----
Dodging        | 3 4 7 9 10 | 10.4
Transmutations | 3 4 5 6 7 8 9 11 12 13 | 13.1
Fighting       | 2 3 4 5 6 7 8 9 |  9.8
Poison Magic   | 1 2 3 5 6 7 9 |  9.0
Unarmed Combat | 4 5 6 7 8 9 10 11 | 11.3
Ice Magic      | 1 2 3 4 6 7 |  7.1
Armour         | 2 3 4 |  4.3
Spellcasting   | 3 5 6 7 |  7.1
Stealth        | 4 6 |  6.4

Action                   |  1- 3 |  4- 6 |  7- 9 | 10-12 | 13-15 || total
-------------------------+-------+-------+-------+-------+-------++-------
Melee: Unarmed           |   131 |   139 |   304 |   430 |   196 ||  1200
       Headbutt          |    18 |    20 |     3 |       |       ||    41
       Punch             |     1 |       |       |     5 |     7 ||    13
       Tailslap          |       |       |       |       |     1 ||     1
Throw: Boomerang         |       |       |     4 |     7 |       ||    11
 Cast: Beastly Appendage |    21 |    22 |     9 |       |       ||    52
       Spider Form       |     1 |     4 |    20 |       |       ||    25
       Ice Form          |       |       |    19 |    48 |    16 ||    83
       Sting             |       |       |     1 |       |       ||     1
       Wereblood         |       |       |       |     1 |       ||     1
       Blade Hands       |       |       |       |    15 |    24 ||    39
       Olgreb's Toxic Ra |       |       |       |     1 |       ||     1
Invok: Call Merchant     |       |       |       |     1 |       ||     1
       Potion Petition   |       |       |       |     1 |     2 ||     3
Evoke: Wand              |       |       |       |    16 |       ||    16
  Use: Potion            |       |     2 |       |     4 |     5 ||    11
       Scroll            |       |       |     5 |    12 |     8 ||    25
 Stab: Sleeping          |       |       |     1 |     2 |     4 ||     7
       Distracted        |       |       |     2 |     3 |       ||     5
Armor: Robe              |    26 |    15 |     6 |       |       ||    47
       Skin              |       |       |    34 |   100 |    14 ||   148
       Leather armour    |       |       |     1 |    25 |    50 ||    76
Dodge: Dodged            |    93 |   103 |   184 |   307 |   136 ||   823
       Repelled          |       |       |       |     2 |     4 ||     6

Table legend: (Time is in decaauts)
 A = Elapsed time spent in this place.
 B = Non-inter-level travel time spent in this place.
 C = Inter-level travel time spent in this place.
 D = Time resting spent in this place.
 E = Time spent auto-exploring this place.
 F = Levels seen in this place.
 G = Mean time per level.
                   A        B        C        D        E       F      G
               +--------+--------+--------+--------+--------+-----+--------+
         Total |  23651 |  23093 |    558 |   8055 |   5987 |  18 | 1313.9 |
       Dungeon |  13391 |  12975 |    416 |   3493 |   5254 |  10 | 1339.1 |
        Temple |     35 |     35 |      0 |      0 |      8 |   1 |   35.0 |
          Lair |   9732 |   9590 |    142 |   4561 |    526 |   5 | 1946.4 |
         Swamp |     98 |     98 |      0 |      0 |      0 |   1 |   98.0 |
       Volcano |    393 |    393 |      0 |      0 |    199 |   1 |  393.0 |
               +--------+--------+--------+--------+--------+-----+--------+

Top non-repeatable levels by time:
  Lair:3: 3193 daAuts
  Lair:1: 2418 daAuts
  Lair:2: 2186 daAuts
     D:9: 1865 daAuts
     D:4: 1690 daAuts
     D:1: 1636 daAuts
     D:8: 1534 daAuts
     D:2: 1420 daAuts
     D:6: 1378 daAuts
     D:7: 1285 daAuts
  Lair:5: 1270 daAuts
    D:10: 954 daAuts
     D:5: 932 daAuts
     D:3: 693 daAuts
  Lair:4: 663 daAuts
